 Dungeon Crawl Stone Soup version 0.22-a0-812-g4c1e2d5471 (webtiles) character file.

92 MiK0 the Cudgeler (level 4, 0/45 HPs)
             Began as a Troll Berserker on July 16, 2018.
             Was a Believer of Trog.
             Slain by an orc
             ... wielding a +0 mace
              (6 damage)
             ... on level 2 of the Dungeon on July 23, 2018.
             The game lasted 00:10:35 (2130 turns).

MiK0 the Cudgeler (Troll Berserker)                 Turns: 2130, Time: 00:10:36

Health: 0/45       AC:  5    Str: 26    XL:     4   Next: 35%
Magic:  3/3        EV: 10    Int:  3    God:    Trog [**....]
Gold:   139        SH:  0    Dex:  9    Spells: 3/3 levels left

rFire    . . .     SeeInvis .   a - +0 mace
rCold    . . .     Gourm    +   (no shield)
rNeg     . . .     Faith    .   b - +0 animal skin
rPois    .         Spirit   .   (helmet restricted)
rElec    .         Reflect  .   (no cloak)
rCorr    .         Harm     .   (gloves unavailable)
MR       .....                  (boots unavailable)
Stlth    +.........             (no amulet)
HPRegen  0.55/turn              (no ring)
MPRegen  0.08/turn              (no ring)

@: no status effects
A: large, unfitting armour, claws 3, fast metabolism 3, gourmand, regeneration
1, shaggy fur 1, tough skin 2
a: Berserk, Trog's Hand, Renounce Religion


You were on level 2 of the Dungeon.
You worshipped Trog.
Trog was pleased with you.
You were completely stuffed.

You visited 1 branch of the dungeon, and saw 3 of its levels.

You collected 139 gold pieces.

Inventory:

Hand Weapons
 a - a +0 mace (weapon)
Missiles
 u - 48 stones (quivered)
Armour
 b - a +0 animal skin (worn)
Jewellery
 t - a +3 ring of intelligence {unknown}
Wands
 r - a wand of random effects (36)
Scrolls
 d - 2 scrolls of enchant weapon {unknown}
 e - 4 scrolls of identify {unknown}
 h - 3 scrolls of teleportation {unknown}
 i - a scroll of remove curse {unknown}
 o - a scroll of enchant armour {unknown}
 q - a scroll of noise {unknown}
 s - a scroll of amnesia {unknown}
Potions
 f - a potion of resistance {unknown}
 g - a potion of berserk rage {unknown}
 j - a potion of magic {unknown}
 k - a potion of brilliance {unknown}
 l - a potion of heal wounds {unknown}
 m - a potion of curing {unknown}
 n - 3 potions of haste {unknown}
 p - a potion of cancellation {unknown}
Comestibles
 c - 8 rations
 v - a chunk of flesh


   Skills:
 + Level 3.0 Fighting
 + Level 3.8 Maces & Flails
 + Level 3.0 Dodging
 + Level 0.1 Stealth


You had 3 spell levels left.
You didn't know any spells.
Your spell library was empty.

Dungeon Overview and Level Annotations

Branches:
Dungeon (3/15)

Altars:


Innate Abilities, Weirdness & Mutations

You are too large for most types of armour.
You have claws for hands.
Your metabolism is lightning-fast.
You like to eat raw meat.
Your natural rate of healing is unusually fast.
You are covered in fur. (AC +1)
You have very tough skin. (AC +2)


Message History

The orc hits you with a mace. The frilled lizard barely misses you.
The orc priest mumbles some strange prayers to Beogh against you.
Pain shoots through your body!
You climb upwards.
There is a stone staircase leading down here.
You can't go up here!
You hit the orc priest.
The orc priest is moderately wounded.
The frilled lizard closely misses you. The orc hits you with a mace!
The orc priest barely misses you.
You closely miss the orc priest.
The orc priest is moderately wounded.
The frilled lizard bites you. The orc hits you with a mace!
* * * LOW HITPOINT WARNING * * *
The orc priest hits you with a flail.
* * * LOW HITPOINT WARNING * * *
You hit the orc priest but do no damage.
The orc priest is moderately wounded.
The frilled lizard closely misses you. The orc hits you with a mace.
You die...

###############
..............#
#############.# ...######
#.# ........#
#.#############
##.####.#####.##@l........#
##.# #.##.....oo.#######.#
##.# #.##.#.###..# #.# ##.#
#.##.#.# #..# #.# ##.#
#.##.#.###).# #)#
##.####.##..<..#..#
#.#######
.#.........)...#..#
#........
.##............)..#
#########
......#.##........#


You could see an orc priest, an orc and a frilled lizard.

Vanquished Creatures
  Terence (D:2)
  An adder (D:3)
  2 dart slugs
  2 leopard geckos (D:2)
  An orc (D:2)
  A giant cockroach (D:2)
  7 goblins
  13 hobgoblins
  A quokka (D:2)
  4 bats
  6 frilled lizards
  8 kobolds
  3 rats
50 creatures vanquished.

Notes
Turn   | Place    | Note
-------+----------+-------------------------------------------
     0 | D:1      | MiK0 the Troll Berserker began the quest for the Orb.
     0 | D:1      | Reached XP level 1. HP: 22/22 MP: 0/0
   130 | D:1      | Reached XP level 2. HP: 29/29 MP: 1/1
   953 | D:2      | Reached XP level 3. HP: 36/36 MP: 2/2
  1099 | D:2      | Reached ** piety under Trog
  1152 | D:3      | Found a faded altar of an unknown god.
  1152 | D:3      | Noticed Terence
  1166 | D:2      | Killed Terence
  1191 | D:2      | Upgraded the game from 0.22-a0-756-gc33bbe721d to 0.22-a0-812-g4c1e2d5471
  1289 | D:2      | Reached XP level 4. HP: 44/44 MP: 3/3
  2130 | D:2      | Slain by an orc

Vault maps used:
D:1:      saegor_arrival_simple_b, serial_glass, glass_columns_a,
          glass_columns_c, minmay_strange_pillars, minmay_misc_feat_rugged,
          grunt_decor_cap
D:2:      grunt_decor_resistance, minmay_goblin_kobold_house
D:3:      first_ration, chequers_ecumenical_altar_simple, uniq_terence

Skill      XL: |  1  2  3  4 |
---------------+-------------+-----
Maces & Flails | 3 |  3.8
Dodging        | 3 |  3.0
Fighting       | 3 |  3.0
Stealth        | |  0.1

Action                   |  1- 3 |  4- 6 || total
-------------------------+-------+-------++-------
Melee: Mace              |   128 |    58 ||   186
 Stab: Sleeping          |       |     2 ||     2
  Eat: Chunk             |    17 |     9 ||    26
Armor: Animal skin       |    34 |    20 ||    54
Dodge: Dodged            |    75 |    42 ||   117

Table legend:
 A = Spawn XP
 B = Non-spawn XP
 C = Spawn XP percentage of total XP
 D = Spawn monster count
 E = Non-spawn monster count
 F = Spawn count percentage of total count
 G = Total turns spent on level
                    A         B        C        D         E        F      G
               +---------+---------+-------+---------+---------+-------+---------
         Total |       0 |     132 |   0.0 |       0 |      50 |   0.0 |  2130
               +---------+---------+-------+---------+---------+-------+---------
           D:1 |       0 |      28 |   0.0 |       0 |      19 |   0.0 |   865
           D:2 |       0 |      91 |   0.0 |       0 |      30 |   0.0 |  1171
           D:3 |       0 |      13 |   0.0 |       0 |       1 |   0.0 |    94
               +---------+---------+-------+---------+---------+-------+---------
